 Dungeon Crawl Stone Soup version 0.22-a0-512-g0943f25562 (webtiles) character file.

4162 Oravi the Destroyer (level 10, -3/80 HPs)
             Began as a Black Draconian Conjurer on June 18, 2018.
             Slain by a wolf (8 damage)
             ... led by Grum
             ... on level 7 of the Dungeon.
             The game lasted 00:33:59 (9261 turns).

Oravi the Destroyer (Black Draconian Conjurer)      Turns: 9261, Time: 00:34:00

Health: -3/80      AC: 10    Str: 11    XL:     10   Next: 7%
Magic:  3/22       EV: 20    Int: 19    God:
Gold:   360        SH:  0    Dex: 20    Spells: 15/26 levels left

rFire    . . .     SeeInvis .   (no weapon)
rCold    . . .     Gourm    .   (no shield)
rNeg     . . .     Faith    .   (armour unavailable)
rPois    .         Spirit   .   (helmet restricted)
rElec    +         Reflect  .   r - +1 cloak {+Inv}
rCorr    +         Harm     .   c - +0 pair of gloves
MR       .....                  (no boots)
Stlth    +++.......             (no amulet)
HPRegen  0.23/turn              f - ring of resist corrosion
MPRegen  0.18/turn              m - +4 ring of dexterity (curse)

@: agile, about to teleport
A: breathe lightning, unfitting armour, electricity resistance, cold-blooded, AC
+7
a: Breathe Lightning, Evoke Invisibility


You were on level 7 of the Dungeon.
You were not hungry.

You visited 2 branches of the dungeon, and saw 9 of its levels.

You collected 360 gold pieces.

Inventory:

Missiles
 a - 5 poisoned javelins
 j - 87 stones (quivered)
 k - a throwing net
 u - 16 poisoned needles
Armour
 c - a +0 pair of gloves (worn)
 o - a +0 cloak
 r - a +1 cloak of invisibility (worn)
Jewellery
 f - a ring of resist corrosion (left hand)
 m - a cursed +4 ring of dexterity (right hand)
Scrolls
 d - 5 scrolls of remove curse
 g - 2 scrolls of enchant weapon
 h - 2 scrolls of teleportation
 i - 3 scrolls of amnesia
 l - 6 scrolls of identify
 p - a scroll of enchant armour {unknown}
 t - a scroll of noise {unknown}
 v - a scroll of fog {unknown}
Potions
 e - a potion of flight
 n - a potion of lignification
 q - a potion of agility
 s - a potion of invisibility
Comestibles
 b - 17 rations


   Skills:
 + Level 4.8 Fighting
 + Level 4.5 Dodging
 - Level 1.7 Stealth
 + Level 8.8 Spellcasting
 + Level 10.1 Conjurations


You had 15 spell levels left.
You knew the following spells:

 Your Spells              Type           Power        Failure   Level  Hunger
a - Magic Dart            Conj           ####         1%          1    None
b - Searing Ray           Conj           #####.       1%          2    None
c - Iskenderun's Mystic   Conj           #####...     1%          4    ###....
d - Force Lance           Conj/Tloc      ####....     11%         4    ###....

Your spell library contained the following spells:

 Spells                   Type           Power        Failure   Level  Hunger
 Confuse                  Hex            #.......     26%         3    None
 Summon Small Mammal      Summ           #...         9%          1    None
 Summon Ice Beast         Ice/Summ       #.......     63%         4    ###....
 Call Imp                 Summ           #.......     13%         2    None
 Tukima's Dance           Hex            #.......     26%         3    None
 Call Canine Familiar     Summ           #.......     26%         3    None
 Ensorcelled Hibernation  Hex/Ice        #.....       13%         2    None
 Corona                   Hex            #......      9%          1    None
 Fulminant Prism          Conj/Hex       ####......   11%         4    ###....
 Dazzling Spray           Conj/Hex       ####..       3%          3    None
 Summon Lightning Spire   Summ/Air       #.......     63%         4    ###....
 Summon Guardian Golem    Hex/Summ       #.......     26%         3    None


Dungeon Overview and Level Annotations

Branches:
Dungeon (8/15)             Temple (1/1) D:6
   Lair: D:8-11

Altars:
Ashenzari
Cheibriados
Dithmenos
Elyvilon
Fedhas
Hepliaklqana
Kikubaaqudgha
Makhleb
Nemelex Xobeh
Qazlal
Sif Muna
Trog
Uskayaw
Xom
Yredelemnul
Zin
The Shining One

Shops:
D:5 %

Annotations:
D:1 fly
D:8 Erica, Grum


Innate Abilities, Weirdness & Mutations

You can breathe wild blasts of lightning.
Your glossy black scales are hard. (AC +7)
You cannot fit into any form of body armour.
You are resistant to electric shocks. (rElec)
You are cold-blooded and may be slowed by cold attacks.


Message History

The wolf bites you. The wolf barely misses you. The wolf bites you!
* * * LOW HITPOINT WARNING * * *
The wolf bites you.
* * * LOW HITPOINT WARNING * * *
It was a potion of agility.
You feel agile all of a sudden. The wolf bites you.
* * * LOW HITPOINT WARNING * * *
The wolf closely misses you. The wolf bites you but does no damage.
You hit the wolf but do no damage.
The wolf is severely wounded.
The wolf bites you.
* * * LOW HITPOINT WARNING * * *
The wolf bites you.
* * * LOW HITPOINT WARNING * * *
The wolf barely misses you.
Okay, then.
As you read the scroll of teleportation, it crumbles to dust.
You feel strangely unstable. The wolf bites you!
You die...

##### ############### #....
#.............# #....
#.............# #....
#.............### #....
#..............<# #...[
#.............#.# #....
#...........###.# #....
#.......@h...##.### #....
##.......†h.#.##...###....
########.......#####.........)...
......#..####### #^####.###...#
.....<.........# ###.# #).......
......#.######.# #...## #.##.####
.)....#.## #.###....###.#..#
.........# ##......_......)##
)........####...###....###.##


You could see 2 wolves.

Vanquished Creatures
  A hornet (D:7)
  3 hippogriffs
  5 yaks
  A wyvern (D:8)
  A hungry ghost (D:8)
  Menkaure (D:7)
  A water moccasin (D:6)
  Duvessa (D:7)
  2 sky beasts
  2 orc warriors (D:6)
  3 ogres
  A wolf (D:7)
  A centaur (D:6)
  3 bullfrogs (D:6)
  Dowan (D:7)
  A scorpion (D:5)
  A howler monkey (D:5)
  3 bullfrog zombies
  2 crimson imps (D:7)
  2 hounds (D:5)
  A lava snake (D:8)
  A quasit (D:7)
  2 centaur skeletons
  3 orc priests
  2 jellies
  5 orc wizards
  8 worker ants
  3 adders
  5 gnolls
  2 shadow imps
  3 oozes
  A worm (D:2)
  A dart slug (D:5)
  3 leopard geckos
  10 orcs
  2 ball pythons
  5 bats
  5 giant cockroaches
  7 hobgoblins
  11 jackals
  4 quokkas
  2 frilled lizards (D:2)
  5 goblins
  4 kobolds
  A quokka zombie (D:5)
  9 rats
141 creatures vanquished.

Notes
Turn   | Place    | Note
-------+----------+-------------------------------------------
     0 | D:1      | Oravi the Draconian Conjurer began the quest for the Orb.
     0 | D:1      | Reached XP level 1. HP: 14/14 MP: 3/3
   179 | D:1      | Reached XP level 2. HP: 15/20 MP: 1/5
   183 | D:1      | Learned a level 2 spell: Searing Ray
   650 | D:1      | Reached XP level 3. HP: 26/26 MP: 1/7
   989 | D:2      | Found a sparkling altar of Nemelex Xobeh.
   989 | D:2      | Found a deep blue altar of Sif Muna.
  1915 | D:3      | Reached XP level 4. HP: 33/33 MP: 5/8
  2630 | D:3      | Reached skill level 5 in Conjurations
  3273 | D:4      | Learned a level 4 spell: Iskenderun's Mystic Blast
  3294 | D:4      | Noticed an ogre
  3309 | D:4      | Killed an ogre
  3309 | D:4      | Reached XP level 5. HP: 38/38 MP: 2/11
  3676 | D:4      | Found a basalt altar of Yredelemnul.
  3681 | D:4      | Found a glowing golden altar of the Shining One.
  3683 | D:4      | Noticed an angel
  3733 | D:5      | Entered Level 5 of the Dungeon
  3836 | D:5      | Found Calepef's Food Shop.
  3911 | D:5      | Reached skill level 6 in Conjurations
  3911 | D:5      | Reached XP level 6. HP: 19/45 MP: 3/12
  4363 | D:5      | Reached skill level 5 in Spellcasting
  4582 | D:5      | Noticed a sky beast
  4587 | D:5      | Killed a sky beast
  4587 | D:5      | Your scales start taking on a glossy black colour.
  4587 | D:5      | Reached XP level 7. HP: 50/50 MP: 8/15
  4587 | D:5      | Gained mutation: You are resistant to electric shocks. (rElec) [Black Draconian growth]
  4803 | D:5      | Reached skill level 7 in Conjurations
  5287 | D:6      | Noticed a hippogriff
  5302 | D:6      | Killed a hippogriff
  5306 | D:6      | Found a stormy altar of Qazlal.
  5456 | D:6      | Reached XP level 8. HP: 36/57 MP: 8/17
  5637 | D:6      | Reached skill level 8 in Conjurations
  6177 | D:6      | Learned a level 4 spell: Force Lance
  6180 | D:6      | Reached skill level 9 in Conjurations
  6563 | D:6      | Found a bloodstained altar of Trog.
  6571 | D:6      | Reached skill level 1 in Fighting
  6681 | D:6      | Reached XP level 9. HP: 58/64 MP: 15/20
  7305 | D:6      | Found a staircase to the Ecumenical Temple.
  7317 | D:6      | Found a hazy altar of Hepliaklqana.
  8038 | Temple   | Entered the Ecumenical Temple
  8147 | D:7      | Noticed Menkaure
  8459 | D:7      | Killed Menkaure
  8546 | D:7      | Found a glowing silver altar of Zin.
  8546 | D:7      | Noticed Duvessa
  8547 | D:7      | Noticed Dowan
  8554 | D:7      | Killed Duvessa
  8569 | D:7      | Killed Dowan
  8720 | D:7      | Reached skill level 10 in Conjurations
  8964 | D:8      | Reached XP level 10. HP: 80/80 MP: 11/22
  9049 | D:8      | Noticed Erica
  9230 | D:8      | Noticed Grum
  9261 | D:7      | Slain by a wolf

Vault maps used:
D:1:      grunt_arrival_lava_bath, nrook_mini_vaults, minmay_pentomino_q4
D:2:      minmay_diamond_boxcup, gammafunk_temple_overflow_elements
D:4:      grunt_temple_overflow_holy_war
D:5:      first_ration, serial_shops, nicolae_shop_competitors_out_of_business,
          kennysheep_generic_room_15
D:6:      overflow_temple_1_default, kennysheep_mini, minmay_temple_entry_mist,
          trog_butcher_becter
D:7:      nicolae_overflow_crystal_walls, uniq_duvessa, uniq_menkaure
D:8:      cheibrodos_steamvent, marbit_many_paths, kennysheep_decorative_pillar,
          kennysheep_minor_cross, uniq_erica, uniq_psyche, uniq_grum
Temple:   eino_wide_crystal_templ

Skill      XL: |  1  2  3  4  5  6  7  8  9 |
---------------+----------------------------+-----
Spellcasting   | 3 4 5 6 7 8 |  8.8
Conjurations   | 5 6 7 9 10 | 10.1
Dodging        | 2 4 |  4.5
Fighting       | 1 4 |  4.8
Stealth        | |  1.7

Action                   |  1- 3 |  4- 6 |  7- 9 | 10-12 || total
-------------------------+-------+-------+-------+-------++-------
Melee: Unarmed           |    41 |    59 |    85 |    16 ||   201
       Tailslap          |     2 |     7 |    14 |     1 ||    24
Throw: Stone             |     5 |    16 |    21 |       ||    42
 Cast: Magic Dart        |    47 |    25 |    51 |    12 ||   135
       Searing Ray       |    10 |    28 |    58 |     2 ||    98
       Iskenderun's Myst |       |       |    10 |    10 ||    20
  Use: Potion            |       |     5 |       |     1 ||     6
       Scroll            |       |     6 |     4 |     1 ||    11
 Stab: Sleeping          |     1 |       |       |       ||     1
  Eat: Chunk             |     4 |     9 |    11 |     2 ||    26
       Ration            |       |       |     1 |       ||     1
Armor: Skin              |    22 |    26 |    59 |    17 ||   124
Dodge: Dodged            |    39 |    58 |   116 |    58 ||   271

Table legend:
 A = Spawn XP
 B = Non-spawn XP
 C = Spawn XP percentage of total XP
 D = Spawn monster count
 E = Non-spawn monster count
 F = Spawn count percentage of total count
 G = Total turns spent on level
                    A         B        C        D         E        F      G
               +---------+---------+-------+---------+---------+-------+---------
         Total |       0 |    5946 |   0.0 |       0 |     141 |   0.0 |  9261
               +---------+---------+-------+---------+---------+-------+---------
           D:1 |       0 |      47 |   0.0 |       0 |      19 |   0.0 |   827
           D:2 |       0 |      46 |   0.0 |       0 |      19 |   0.0 |  1076
           D:3 |       0 |      37 |   0.0 |       0 |      15 |   0.0 |  1100
           D:4 |       0 |     176 |   0.0 |       0 |       4 |   0.0 |   892
           D:5 |       0 |     947 |   0.0 |       0 |      25 |   0.0 |  1943
           D:6 |       0 |    2431 |   0.0 |       0 |      25 |   0.0 |  1638
           D:7 |       0 |    1774 |   0.0 |       0 |      25 |   0.0 |  1529
           D:8 |       0 |     488 |   0.0 |       0 |       9 |   0.0 |   206
               +---------+---------+-------+---------+---------+-------+---------
